Cogmind - Beta 14 @@@ ROGUE MODE // 2024.11.15 @ 21:58:04 Player: OG DANIEL Result: Self-destructed Performance ------------- Evolutions (2) 1000 Regions Visited (4) 800 Robots Destroyed (33) 165 Value Destroyed (790) 790 Prototype IDs (0) 0 Alien Tech Used (0) 0 Bonus (7) 7 TOTAL SCORE: 2762 Bonus ------- Follower Combat Kills 7 Cogmind --------- Core Integrity 206/550 Matter 190/300 Energy 87/100 System Corruption 9% Temperature Cool (18) Movement Core (350) Ox6 Location -8/Materials Parts ------- > --- POWER (1) -------- (None) > --- PROPULSION (4) --- (None) > --- UTILITY (4) ------ Large Storage Unit Visual Processing Unit > --- WEAPON (2) ------- (None) > --- INVENTORY (15) --- Aluminum Leg Wheel Medium Storage Unit Small Laser Light Assault Rifle Mining Laser Peak State ------------ > --- POWER ------------ Light Ion Engine > --- PROPULSION ------- Aluminum Leg Aluminum Leg Aluminum Leg Aluminum Leg > --- UTILITY ---------- Large Storage Unit Visual Processing Unit Signal Interpreter > --- WEAPON ----------- Heavy Assault Rifle Assault Cannon > --- INVENTORY -------- Ion Engine Aluminum Leg Aluminum Leg Aluminum Leg Wheel Medium Storage Unit Small Laser Light EM Pulse Cannon Ion Cannon Light Assault Rifle Light Assault Rifle Light Cannon Mining Laser Heavy Explosive Trap Heavy Explosive Trap [Rating: 15] Favorites ----------- Power Light Ion Engine Engine Light Ion Engine Propulsion Aluminum Leg Treads Light Treads Leg Aluminum Leg Wheel Compact Wheel Utility Large Storage Unit Device Improved Terrain Scanner Storage Large Storage Unit Processor Signal Interpreter Weapon Light Assault Rifle Energy Gun EM Pulse Gun Energy Cannon Beam Cannon Ballistic Gun Light Assault Rifle Ballistic Cannon Light Cannon Special Weapon Mining Laser Build | -11 -10 -9 -9 -8 ------- Run | Yrd Mat Mat Min Mat Slots Evolved 4 | . . 2 . 2 Power . | . . . . . Propulsion 2 | . . 1 . 1 Utility 2 | . . 1 . 1 Weapon . | . . . . . Parts Attached 60 | 7 19 22 . 12 Power 12 | 1 4 6 . 1 Engine 12 | 1 4 6 . 1 Core . | . . . . . Reactor . | . . . . . Propulsion 14 | 2 4 5 . 3 Treads 2 | . 2 . . . Leg 8 | . . 5 . 3 Wheel 4 | 2 2 . . . Hover . | . . . . . Flight . | . . . . . Utility 9 | 2 5 2 . . Device 3 | 1 1 1 . . Storage 4 | 1 3 . . . Processor 2 | . 1 1 . . Hackware . | . . . . . Protection . | . . . . . Artifact . | . . . . . Weapon 25 | 2 6 9 . 8 Energy Gun 1 | 1 . . . . Energy Cannon 5 | . 1 1 . 3 Ballistic Gun 12 | 1 3 6 . 2 Ballistic Cannon 3 | . 1 . . 2 Launcher . | . . . . . Special Weapon 4 | . 1 2 . 1 Impact Weapon . | . . . . . Slashing Weapon . | . . . . . Piercing Weapon . | . . . . . Special Melee Weapon . | . . . . . Unidentified Prototypes . | . . . . . Parts Lost 23 | . 3 5 . 15 Power 5 | . 1 2 . 2 Propulsion 8 | . 1 1 . 6 Utility 2 | . . 1 . 1 Weapon 8 | . 1 1 . 6 Highest Loss Streak 15 | . 2 2 . 15 To Critical Strikes . | . . . . . Average Slot Usage (%) 95 | . 98 95 100 75 Engine 11 | . 13 9 11 6 Treads 8 | . 12 8 . . Leg 14 | . . 23 33 26 Wheel 6 | . 15 . . . Device 2 | . 4 2 . . Storage 12 | . 14 11 11 9 Processor 14 | . 9 17 22 16 Energy Gun 2 | . 6 . . . Energy Cannon 4 | . 6 5 . 2 Ballistic Gun 14 | . 12 15 22 10 Ballistic Cannon 1 | . 2 . . 4 Peak Build Rating 15 | 9 9 13 12 15 Average Rating 9 | 4 7 11 12 12 On Entrance 8 | . 9 8 12 12 Naked Turns . | . . . . . Heaviest Build 47 | 12 47 31 27 31 Greatest Support 40 | 26 40 30 30 40 Greatest Overweight (x) 9 | . 5 2 . 9 Average Overweight (x) . | . . . . . Largest Inventory Capacity 20 | 8 20 15 15 15 Average Capacity 14 | 6 14 15 15 15 Most Carried 15 | 7 13 14 15 15 Average Carried 11 | 4 9 12 14 13 Final Capacity 15 | 8 15 15 15 15 Final Carried 15 | 7 13 13 15 6 Class Distribution -------------------- 68% | Mutant 31% | Scavenger-Mutant Dominant Class ---------------- Mutant | -10/Materials Mutant | -9/Materials Scavenger-Mutant | -9/Mines Scavenger-Mutant | -8/Materials Resources | -11 -10 -9 -9 -8 ----------- Run | Yrd Mat Mat Min Mat Matter Collected 1094 | 274 282 350 90 98 Remotely . | . . . . . Salvage Created 994 | 25 401 514 . 54 Parts 67 | 4 27 33 . 3 Haulers Intercepted . | . . . . . Recyclers Shooed 1 | . 1 . . . Parts Field Recycled . | . . . . . Retrieved Matter . | . . . . . Parts Self-Destructed . | . . . . . Prevented . | . . . . . Kills | -11 -10 -9 -9 -8 ------- Run | Yrd Mat Mat Min Mat Combat Hostiles Destroyed 27 | . 10 15 . 2 Guns 15 | . 3 11 . 1 Cannons 11 | . 6 4 . 1 AOE 1 | . 1 . . . Classes Destroyed 7 | 1 4 2 . . Worker 2 | . . 1 . 1 Builder 1 | . 1 . . . Tunneler 2 | 1 . 1 . . Watcher 1 | . 1 . . . Swarmer 9 | . 2 6 . 1 Grunt 17 | . 8 8 . 1 Brawler 1 | . . 1 . . Best Kill Streak 7 | 1 3 7 . 1 Combat Bots Only 6 | . 3 6 . 1 Max Kills in Single Turn 2 | 1 1 2 . 1 Gunslinging 1 | . . 1 . . Exploded 1 | . 1 . . . Melee . | . . . . . Uniques/NPCs Destroyed . | . . . . . Combat | -11 -10 -9 -9 -8 -------- Run | Yrd Mat Mat Min Mat Hostile Shots Fired 336 | . 72 121 . 143 Missed 83 | . 17 31 . 35 Damage Taken 3119 | . 552 1008 . 1559 Core 612 | . 105 163 . 344 Absorbed by Shields . | . . . . . Core Remaining (%) 72 | 100 58 . 59 . Volleys Fired 118 | 4 35 50 1 28 Largest 2 | 2 2 2 2 2 Hottest 144 | 60 120 123 43 144 Shots Fired 222 | 8 65 98 2 49 Gun 136 | 8 41 69 2 16 Cannon 82 | . 23 27 . 32 Launcher . | . . . . . Special 4 | . 1 2 . 1 Kinetic 158 | 4 43 69 2 40 Thermal 47 | . 10 29 . 8 Explosive . | . . . . . Electromagnetic 17 | 4 12 . . 1 Robot Hit Streak 9 | 4 8 9 2 5 Robot Miss Streak 6 | 1 5 3 1 6 Penetration Max . | . . . . . Secondary Targets 1 | . . 1 . . Max Gunslinging Chain 1 | . . 1 . . Shots Hit Robots 115 | 6 30 63 1 15 Core Hits 50 | 2 18 25 1 4 Critical Kills 1 | . . 1 . . Critical Parts Destroyed . | . . . . . Critical Strikes 2 | . . 1 . 1 Destroy 1 | . . 1 . . Blast 1 | . . . . 1 Melee Attacks . | . . . . . Impact . | . . . . . Slashing . | . . . . . Piercing . | . . . . . Sneak Attacks . | . . . . . Combat Hostiles . | . . . . . Follow-up Attacks . | . . . . . Damage Inflicted 1878 | 60 484 957 6 371 Guns 966 | 60 212 621 6 67 Cannons 834 | . 194 336 . 304 Explosions 78 | . 78 . . . Melee . | . . . . . Ramming . | . . . . . Kinetic 1115 | 20 144 621 6 324 Thermal 584 | . 201 336 . 47 Explosive . | . . . . . Electromagnetic 179 | 40 139 . . . Impact . | . . . . . Slashing . | . . . . . Piercing . | . . . . . Highest Corruption 9 | . 4 9 9 9 Average Corruption 7 | . 3 8 9 9 Corruption Purged . | . . . . . Corruption Blocked . | . . . . . Effects 46 | . 14 24 7 1 Message Errors 12 | . 5 4 2 1 Matter Fused 13 | . 4 5 4 . Heat Flow Errors 4 | . . 4 . . Energy Discharges 7 | . 3 3 1 . Parts Rejected 2 | . . 2 . . Parts Fused 1 | . . 1 . . Data Loss (minor) 3 | . 2 1 . . Data Loss (major) 2 | . . 2 . . Alerts 1 | . . 1 . . Weapon Failures 1 | . . 1 . . Overload Shots . | . . . . . Overflow Damage 15 | . 15 . . . Projectiles 15 | . 15 . . . Explosions . | . . . . . Melee . | . . . . . Knockbacks 8 | . 1 . . 7 Impact . | . . . . . Kinetic 8 | . 1 . . 7 Secondary . | . . . . . Self-Inflicted Damage . | . . . . . Shots . | . . . . . Rammed . | . . . . . Targets Rammed . | . . . . . Kicked . | . . . . . Crushed . | . . . . . Highest Temperature 283 | 20 184 283 . 126 Average Temperature 62 | 15 42 86 . 42 Received Heat Transfer 1056 | . 153 390 . 513 Effects 1 | . . 1 . . Energy Bleed 1 | . . 1 . . Siege Activations . | . . . . . Robots Corrupted . | . . . . . Combat Hostiles . | . . . . . Parts Fried . | . . . . . Impact Corruptions . | . . . . . Robots Melted . | . . . . . Combat Hostiles . | . . . . . Parts Melted 1 | . . 1 . . Heat Transferred 1186 | . 409 703 . 74 Parts Sabotaged . | . . . . . Parts Stolen . | . . . . . Parts Stripped . | . . . . . Power Chain Reactions 1 | . 1 . . . Alert | -11 -10 -9 -9 -8 ------- Run | Yrd Mat Mat Min Mat Peak Influence 237 | 5 166 237 92 60 Initial 92 | . 3 42 92 35 Average 65 | . 53 86 92 28 Maximum Alert Level 1 | . . 1 . . Low Security (%) 97 | 100 100 91 100 100 Level 1 2 | . . 8 . . Level 2 . | . . . . . Level 3 . | . . . . . Level 4 . | . . . . . Level 5 . | . . . . . High Security . | . . . . . Max Security . | . . . . . Squads Dispatched 4 | . 2 1 . 1 Investigation 1 | . 1 . . . Extermination . | . . . . . Reinforcement 2 | . 1 1 . . Assault . | . . . . . Garrison 1 | . . . . 1 Intercept . | . . . . . Searches Triggered . | . . . . . Construction Impeded . | . . . . . Haulers Reinforced . | . . . . . Active Scanning Responses . | . . . . . Cargo Convoy Interrupts . | . . . . . Stealth | -11 -10 -9 -9 -8 --------- Run | Yrd Mat Mat Min Mat Distress Signals 5 | . . 5 . . Communications Jammed . | . . . . . Distress Signals . | . . . . . Times Spotted 58 | . 18 33 . 7 Peak Tracking Total 7 | . 4 7 . 5 Tactical Retreats 6 | . 1 5 . . Traps | -11 -10 -9 -9 -8 ------- Run | Yrd Mat Mat Min Mat Traps Triggered 5 | . 5 . . . Indirectly . | . . . . . Trap Hack Attempts . | . . . . . Triggered . | . . . . . Disarmed . | . . . . . Reprogrammed 6 | . 6 . . . Reused . | . . . . . Traps Extracted . | . . . . . Installed . | . . . . . Triggered . | . . . . . Most Traps Carried 2 | . . . 2 2 Machines | -11 -10 -9 -9 -8 ---------- Run | Yrd Mat Mat Min Mat Machines Disabled 1 | . . 1 . . Max in Single Turn 1 | . . 1 . . Machines Repaired . | . . . . . Machines Dismantled . | . . . . . Machines Sabotaged . | . . . . . Overloaded Fab Kills . | . . . . . Hacking | -11 -10 -9 -9 -8 --------- Run | Yrd Mat Mat Min Mat Machines Accessed 2 | . 2 . . . Terminals 2 | . 2 . . . Fabricators . | . . . . . Repair Stations . | . . . . . Recycling Units . | . . . . . Scanalyzers . | . . . . . Garrison Access . | . . . . . Total Hacks 4 | . 4 . . . Successful 3 | . 3 . . . Failed 1 | . 1 . . . Catastrophic . | . . . . . Database Lockouts . | . . . . . Manual . | . . . . . Terminals 4 | . 4 . . . Fabricators . | . . . . . Repair Stations . | . . . . . Recycling Units . | . . . . . Scanalyzers . | . . . . . Garrison Access . | . . . . . Terminal Hacks 3 | . 3 . . . Emergency Access Points 1 | . 1 . . . Reprogram Traps 1 | . 1 . . . Dispatch Records 1 | . 1 . . . Fabricator Hacks . | . . . . . Repair Station Hacks . | . . . . . Recycling Unit Hacks . | . . . . . Scanalyzer . | . . . . . Garrison Access Hacks . | . . . . . Unauthorized Hacks . | . . . . . Terminals . | . . . . . Fabricators . | . . . . . Repair Stations . | . . . . . Recycling Units . | . . . . . Scanalyzers . | . . . . . Garrison Access . | . . . . . Data Cores Recovered . | . . . . . Used . | . . . . . Hacking Detections 2 | . 2 . . . Full Trace Events . | . . . . . Feedback Events . | . . . . . Feedback Blocked . | . . . . . Robot Schematics Acquired . | . . . . . Robots Built . | . . . . . Authchips . | . . . . . Time . | . . . . . Total Robot Build Rating . | . . . . . Part Schematics Acquired . | . . . . . Parts Built . | . . . . . Authchips . | . . . . . Time . | . . . . . Total Part Build Rating . | . . . . . Parts Repaired . | . . . . . Time . | . . . . . Parts Recycled . | . . . . . Recycled Matter . | . . . . . Retrieved Matter . | . . . . . Retrieved Components . | . . . . . Parts Scanalyzed . | . . . . . Part Schematics Acquired . | . . . . . Parts Damaged . | . . . . . Bothacking | -11 -10 -9 -9 -8 ------------ Run | Yrd Mat Mat Min Mat Used RIF Installer . | . . . . . Robots Hacked . | . . . . . Non-combat . | . . . . . Combat . | . . . . . Robot Hacks Applied . | . . . . . Relay Couplers Released . | . . . . . Fabnet Peak Effective % . | . . . . . Robots Rewired . | . . . . . Allies Hacked . | . . . . . Hacks Repelled . | . . . . . Allies | -11 -10 -9 -9 -8 -------- Run | Yrd Mat Mat Min Mat Total Allies 2 | . . . 2 . Largest Group 2 | . . . 2 1 Highest-Rated Group 45 | . . . 45 31 Highest-Rated Ally 31 | . . . 31 31 Total Orders . | . . . . . Ally Attacks 6 | . . . . 6 Total Damage 63 | . . . . 63 Kills 1 | . . . . 1 Allies Corrupted . | . . . . . Allies Melted . | . . . . . Intel | -11 -10 -9 -9 -8 ------- Run | Yrd Mat Mat Min Mat Robot Analysis Total . | . . . . . Derelict Logs Recovered 1 | . . . 1 . Drone Launches . | . . . . . Drone Recoveries . | . . . . . Exploration | -11 -10 -9 -9 -8 ------------- Run | Yrd Mat Mat Min Mat Turns Passed 2436 | 90 1009 797 326 214 Spaces Moved 1425 | 79 704 318 261 63 Core 28 | 23 2 . . 3 Treads 248 | . 248 . . . Legs 639 | . . 318 261 60 Wheels 510 | 56 454 . . . Hover . | . . . . . Flight . | . . . . . Fastest Speed 50 | 50 90 120 120 120 Average Speed 134 | 77 121 185 120 142 Slowest Speed 500 | 90 300 260 120 500 Overloaded Moves . | . . . . . Propulsion Burnouts . | . . . . . Robots Hopped . | . . . . . Cave-ins Triggered 1 | . . . . 1 Exploration Rate (%) 36 | 5 72 28 65 10 Regions Visited 4 Branch Regions 1 Pre-discovered Areas . | . . . . . Known Exits Taken 3 | . 1 1 1 . Unknown Exits Taken 1 | 1 . . . . Scrap Searched 2 | . . . 2 . Spaces Dug 5 | . 1 2 . 2 Terrain Destroyed 16 | . 3 2 . 11 Melee . | . . . . . Projectile 14 | . 1 2 . 11 AOE 2 | . 2 . . . Terrain Rammed . | . . . . . Walls Destroyed . | . . . . . Machines Disabled . | . . . . . Actions | -11 -10 -9 -9 -8 --------- Run | Yrd Mat Mat Min Mat Total 1716 | 96 789 422 272 137 Wait 81 | . 19 24 9 29 Move 1421 | 78 703 317 260 63 Hop . | . . . . . Pick Up 21 | 7 8 2 2 2 Fast Attach 19 | 7 6 6 . . Attach 16 | . 3 5 . 8 Detach 3 | . 1 2 . . Swap 25 | . 10 11 . 4 Drop 12 | . 4 5 . 3 Fire 118 | 4 35 50 1 28 Melee . | . . . . . Ram . | . . . . . Kick . | . . . . . Crush . | . . . . . Escape Stasis . | . . . . . Rewire . | . . . . . Trap . | . . . . . Miscellaneous . | . . . . . Route ------- -11/Scrapyard -10/Materials (discovered 4 exits: *Mat x2 / *Min / *Sub) -9/Materials (discovered 2 exits: *Mat / *Min) -9/Mines -8/Materials (discovered 1 exit: Sto) History --------- Turn | Location | Event 7 | -11/Scrapyard | Discovered new exit (range 15) 91 | -11/Scrapyard | Entered Materials 162 | -10/Materials | Discovered new exit (range 9) 199 | -10/Materials | Discovered new exit (range 7) 321 | -10/Materials | Build established: Mutant 522 | -10/Materials | Discovered new exit (range 4) 591 | -10/Materials | Derelicts attacked the area 796 | -10/Materials | Identified exit to Mines 836 | -10/Materials | Discovered new exit (range 16) 861 | -10/Materials | Identified exit to Subcaves 1095 | -10/Materials | Identified exit to Materials 1100 | -10/Materials | Entered another Materials area 1100 | -9/Materials | Evolved 2 slots: Propulsion x1, Utility x1 1446 | -9/Materials | Discovered new exit (range 17) 1598 | -9/Materials | Discovered new exit (range 14) 1895 | -9/Materials | Identified exit to Mines 1897 | -9/Materials | Entered Mines 1911 | -9/Mines | Build established: Scavenger-Mutant 1950 | -9/Mines | Found a hidden stash of uninstalled traps 2210 | -9/Mines | Discovered new exit (range 10) 2221 | -9/Mines | Identified exit to Materials 2223 | -9/Mines | Entered Materials 2223 | -8/Materials | Accompanied by 1 ally 2223 | -8/Materials | Evolved 2 slots: Propulsion x1, Utility x1 2224 | -8/Materials | Identified exit to Storage 2228 | -8/Materials | Led the pair of lost Derelicts to an unsafe place 2364 | -8/Materials | Garrison activated, responded to threat 2401 | -8/Materials | Crushed by falling debris 2430 | -8/Materials | Core integrity fell below 50% 2437 | -8/Materials | Self-destructed Last Messages --------------- 02407_ Ion Engine destroyed. 02410_ K-01 Serf collects debris. 02411_ Lgt. Assault Rifle destroyed. 02411_ K-01 Serf collects debris. 02415_ K-01 Serf destroyed. 02417_ R-06 Scavenger collects Carbon-fiber Leg. 02418_ Acquired 3 matter. 02420_ R-06 Scavenger collects Imp. Heat Sink. 02420_ Aluminum Leg destroyed. 02420_ Dropped Heavy Explosive Trap. 02421_ #Y,J6MS=YKDWG,K875ZUVJ=3Y/ZGV5D 02421_ Dropped Heavy Explosive Trap. 02422_ Acquired 25 matter. 02423_ R-06 Scavenger collects Carbon-fiber Leg. 02424_ Ion Cannon destroyed. 02426_ R-06 Scavenger collects Imp. Heat Sink. 02426_ Extracted 70 matter. 02434_ Lgt. EM Pulse Cannon destroyed. 02435_ S-10 Pest knocked back. 02437_ Lgt. Cannon destroyed. Map ----- +----------------------------------------------------+ | ?????????????????????????????????????????????????? | | ?????????????????????????????????????????????????? | | ?????????????????????????????????????????????????? | | ?????????????????????????????????????????????????? | | ?????????????????????????????????????????????????? | | ?????????????????????? ????????????????????????? | | ?????????????????????? ????????????????????????? | | ?????????????????????? #???????????????????????? | | ?????????????????????? #???????????????????????? | | ?????????????????????? #???????????????????????? | | ?????????????????????? #???????????????????????? | | ?????????????????????? #???? ??????????????????? | | ?????????????????????? #??"" ??????????????????? | | ?????????????????????# #?? ??????????????????? | | ?????????????????????+ /?? ??????????????????? | | ????#######??????????# #??!!!??????????????????? | | ????# #??????????# #??!!!??????????????????? | | ????# ##?????????# #??!!!??????????????????? | | ????# ??????????# #?? ???????? ?????????? | | ????# #??????????# #?? ???#??? #?????????? | | ????# #??????????# #??#+#?? #?? #?????????? | | ###### ############# #### ### ### ??????????? | | # # + #?????????? | | # # ####+##;;# #?????????? | | + + # %% # ;#+#+#####?????????? | | # # # @ g% ; / #?????????? | | # # + """!g; # #?????????? | | # # # """%s= # """ #?????????? | | ##### # """&=; ; """""??????????? | | #???# # "" &/;;# """""??????????? | | #####????########### "" ###? """""??????????? | | ???????????????????# [ ##??? """ ??????????? | | ???????????????????# #?????? ??????????? | | ???????????????????##########??????? ??????????? | | ??????????????????????????????????????##?????????? | | | | | | | | | | | | | | | | | | | | | | | | | | | | | | | +----------------------------------------------------+ Best States ------------- Heat Dissipation 31 Energy Generation 10 Energy Capacity 250 Matter Stores 300 Matter Capacity 300 Sight Range 18 Terrain Scan Range 16 Terrain Scan Density 10 ECM Strength 1 Evasion (%) 55 Recoil Reduction 2 Item Schematics ----------------- None Robot Schematics ------------------ None Fabricated ------------ Nothing Alien Tech Used ----------------- None Achievements -------------- None Challenges ------------ None Game ------ Seed ThermoelectricPlatingCannon Manual? 0 Play Time 00:23:06 Cumulative 28.5 hours Start 2024.11.14 @ 23:41:13 End 2024.11.15 @ 21:58:04 Sessions 2 Manual Loads 0 Difficulty Rogue Special Mode None Game No. 73 Rogue 73 Adventurer 0 Explorer 0 Win Type - Total 0 Types 0/0/0/0/0/0/0/0/0 Lore% 8 Gallery% 22 Achievement% 21 Wizard Run 0 Options --------- Layout 1 ASCII 0 Keyboard 0 Movement Numpad Keybinds 0 Fullscreen 0 Font 20/SmallcapsGlow Map View 50x35 Zoom Use 0% Tactical HUD 1 Map Filters NONE Filters NONE Steam 1 RUN: 8d05c998-0a3c-41d7-9ff0-5520c1bd7579